| TOP OF THE 1ST |
|
Salt Lake Bees batting - Pitching for Rochester Red Wings : RHP Brian Bright
|
|
Pitching: RHP Brian Bright
|
|
|
Batting: SHB Butch Brown
|
0-0: Foul Ball, location: 2F 0-1: Called Strike 0-2: Fly out, F9 (Flyball, 9D, EV 100.0 MPH)
|
|
Batting: LHB Brett Bugge
|
0-0: Ball 1-0: Ball 2-0: Called Strike 2-1: Fly out, F9 (Flyball, 89M, EV 84.4 MPH)
|
|
Batting: RHB Ryuji Ito
|
0-0: Called Strike 0-1: Ball 1-1: SINGLE (Groundball, 56D, EV 101.2 MPH) (infield hit)
|
|
Batting: RHB Kian-tat Chen
|
0-0: Ball Ryuji Ito steals 2nd base 1-0: SINGLE (Flyball, 9S, EV 89.4 MPH) Ryuji Ito to third Runner from 3rd tries for Home, SAFE, throw by RF to home
|
|
Batting: LHB Justin Balthazor
|
0-0: Called Strike 0-1: Ball 1-1: Ball 2-1: Ball 3-1: Fielders Choice at 2nd, U4 (Groundball, 4M, EV 85.6 MPH)
|
| Top of the 1st over - 1 run, 2 hits, 0 errors, 1 left on base; Salt Lake 1 - Rochester 0 |
| BOTTOM OF THE 1ST |
|
Rochester Red Wings batting - Pitching for Salt Lake Bees : RHP Chris Russell
|
|
Pitching: RHP Chris Russell
|
|
|
Batting: LHB Jon Ventura
|
0-0: Ball 1-0: Swinging Strike 1-1: Ball 2-1: Foul Ball, location: 2F 2-2: Fly out, F9 (Flyball, 89S, EV 82.5 MPH)
|
|
Batting: RHB Jason Gee
|
0-0: Called Strike 0-1: Ball 1-1: Ball 2-1: SINGLE (Groundball, 34D, EV 98.1 MPH)
|
|
Batting: LHB Chaim Huting
|
0-0: Called Strike 0-1: Foul Ball, location: 2F 0-2: Ground out U3 (Groundball, 23, EV 78.1 MPH) Jason Gee to second
|
|
Batting: SHB Ian Thompson
|
0-0: Called Strike 0-1: Swinging Strike 0-2: Ball 1-2: Ground out 4-3 (Groundball, 4, EV 89.4 MPH)
|
| Bottom of the 1st over - 0 runs, 1 hit, 0 errors, 1 left on base; Salt Lake 1 - Rochester 0 |
| TOP OF THE 2ND |
|
Salt Lake Bees batting - Pitching for Rochester Red Wings : RHP Brian Bright
|
|
Batting: RHB Brandon Davis
|
0-0: Foul Ball, location: 2F 0-1: Ball 1-1: Foul Ball, location: 2F 1-2: Ball 2-2: SINGLE (Flyball, 9LS, EV 88.1 MPH)
|
|
Batting: RHB Timoleon Tsikouna
|
0-0: Ball 1-0: TRIPLE (Flyball, 89XD, EV 91.2 MPH) Brandon Davis scores
|
|
Batting: LHB Barrfhionn O'Toole
|
0-0: Called Strike 0-1: Ball 1-1: Ball 2-1: Called Strike 2-2: Ball 3-2: Strikes out swinging, 2-3 out at first.
|
|
Batting: LHB Larry Prey
|
0-0: Ball 1-0: Called Strike 1-1: Swinging Strike 1-2: Strikes out swinging
|
|
Batting: SHB Butch Brown
|
0-0: Ground out 4-3 (Groundball, 4, EV 86.9 MPH)
|
| Top of the 2nd over - 1 run, 2 hits, 0 errors, 1 left on base; Salt Lake 2 - Rochester 0 |
| BOTTOM OF THE 2ND |
|
Rochester Red Wings batting - Pitching for Salt Lake Bees : RHP Chris Russell
|
|
Batting: RHB Cyril Husson
|
0-0: Called Strike 0-1: Foul Ball, location: 2F 0-2: Ball 1-2: Fly out, F4 (Popup, 4S, EV 71.9 MPH)
|
|
Batting: RHB Colin Boddy
|
0-0: Called Strike 0-1: Swinging Strike 0-2: Strikes out looking
|
|
Batting: RHB Ryan Gautney
|
0-0: Ball 1-0: Ball 2-0: Ball 3-0: Swinging Strike 3-1: Foul Ball, location: 2F 3-2: SINGLE (Groundball, 6MD, EV 101.9 MPH)
|
|
Batting: RHB Pedro Pinero
|
0-0: Called Strike 0-1: Ball 1-1: Ball 2-1: Called Strike 2-2: Strikes out looking
|
| Bottom of the 2nd over - 0 runs, 1 hit, 0 errors, 1 left on base; Salt Lake 2 - Rochester 0 |
| TOP OF THE 3RD |
|
Salt Lake Bees batting - Pitching for Rochester Red Wings : RHP Brian Bright
|
|
Batting: LHB Brett Bugge
|
0-0: Called Strike 0-1: Swinging Strike 0-2: Ball 1-2: Ball 2-2: Foul Ball, location: 2F 2-2: Ball 3-2: Base on Balls
|
|
Batting: RHB Ryuji Ito
|
0-0: Swinging Strike 0-1: Fly out, F7 (Flyball, 7LM, EV 98.8 MPH)
|
|
Batting: RHB Kian-tat Chen
|
0-0: Ball 1-0: Foul Ball, location: 2F 1-1: Ball 2-1: Foul Ball, location: 2F 2-2: Grounds into double play, 6-4-3 (Groundball, 6S, EV 88.1 MPH)
|
| Top of the 3rd over - 0 runs, 0 hits, 0 errors, 0 left on base; Salt Lake 2 - Rochester 0 |
| BOTTOM OF THE 3RD |
|
Rochester Red Wings batting - Pitching for Salt Lake Bees : RHP Chris Russell
|
|
Batting: RHB Dan Grable
|
0-0: Ball 1-0: Fly out, F7 (Flyball, 7, EV 78.1 MPH)
|
|
Batting: LHB Jon Ventura
|
0-0: Ball 1-0: Foul Ball, location: 2F 1-1: Foul Ball, location: 2F 1-2: Fly out, F7 (Flyball, 7, EV 83.8 MPH)
|
|
Batting: RHB Jason Gee
|
0-0: Ball 1-0: Ball 2-0: Called Strike 2-1: Ball 3-1: Foul Ball, location: 2F 3-2: DOUBLE (Line Drive, 78D, EV 107.5 MPH)
|
|
Batting: LHB Chaim Huting
|
0-0: Foul Ball, location: 2F 0-1: Ball 1-1: SINGLE (Groundball, 4MD, EV 101.9 MPH) Jason Gee to third Runner from 3rd tries for Home, SAFE, throw by CF to home
|
|
Batting: SHB Ian Thompson
|
0-0: Ball 1-0: Foul Ball, location: 2F 1-1: Foul Ball, location: 2F 1-2: Foul Ball, location: 2F 1-2: Ball 2-2: Ball 3-2: Foul Ball, location: 2F 3-2: Foul Ball, location: 2F 3-2: DOUBLE (Flyball, 8LXD, EV 111.9 MPH) Chaim Huting to third Chaim Huting scores
|
|
Batting: RHB Cyril Husson
|
0-0: Ball 1-0: Ball 2-0: Ball 3-0: Called Strike 3-1: Foul Ball, location: 2F 3-2: Strikes out looking
|
| Bottom of the 3rd over - 2 runs, 3 hits, 0 errors, 1 left on base; Salt Lake 2 - Rochester 2 |
| TOP OF THE 4TH |
|
Salt Lake Bees batting - Pitching for Rochester Red Wings : RHP Brian Bright
|
|
Batting: LHB Justin Balthazor
|
0-0: Ball 1-0: Foul Ball, location: 2F 1-1: Swinging Strike 1-2: Strikes out swinging
|
|
Batting: RHB Brandon Davis
|
0-0: Ball 1-0: Foul Ball, location: 2F 1-1: Foul Ball, location: 2F 1-2: Strikes out swinging
|
|
Batting: RHB Timoleon Tsikouna
|
0-0: Ball 1-0: Ball 2-0: Foul Ball, location: 2F 2-1: TRIPLE (Line Drive, 8RXD, EV 99.4 MPH)
|
|
Batting: LHB Barrfhionn O'Toole
|
0-0: Ball 1-0: Called Strike 1-1: Ball 2-1: Ball 3-1: Base on Balls
|
|
Batting: LHB Larry Prey
|
0-0: SINGLE (Groundball, 3L, EV 96.2 MPH) Timoleon Tsikouna scores Barrfhionn O'Toole to second Runner from 2nd tries for 3rd, SAFE, throw by RF made to third
|
|
Batting: SHB Butch Brown
|
0-0: Called Strike 0-1: Foul Ball, location: 2F 0-2: Foul Ball, location: 2F 0-2: Ball 1-2: Ball 2-2: Ball 3-2: Base on Balls Larry Prey to second
|
|
Batting: LHB Brett Bugge
|
0-0: Called Strike 0-1: Called Strike 0-2: Ball 1-2: DOUBLE (Line Drive, 8RXD, EV 104.4 MPH) Barrfhionn O'Toole scores Larry Prey scores Butch Brown to third Runner from 3rd tries for Home, SAFE, no throw by CF
|
|
Pitching: LHP Brian Rhyne
|
|
|
Batting: RHB Ryuji Ito
|
0-0: Ball 1-0: Swinging Strike 1-1: Ball 2-1: Swinging Strike 2-2: Strikes out swinging
|
| Top of the 4th over - 4 runs, 3 hits, 0 errors, 1 left on base; Salt Lake 6 - Rochester 2 |
| BOTTOM OF THE 4TH |
|
Rochester Red Wings batting - Pitching for Salt Lake Bees : RHP Chris Russell
|
|
Batting: RHB Colin Boddy
|
0-0: Called Strike 0-1: Ball 1-1: Foul Ball, location: 2F 1-2: Strikes out looking
|
|
Batting: RHB Ryan Gautney
|
0-0: Ball 1-0: Ball 2-0: Called Strike 2-1: SINGLE (Groundball, 6MD, EV 108.1 MPH)
|
|
Batting: RHB Pedro Pinero
|
0-0: Called Strike 0-1: SINGLE (Groundball, 6M, EV 82.5 MPH) (infield hit) Ryan Gautney to second
|
|
Batting: RHB Dan Grable
|
0-0: Called Strike 0-1: Ball 1-1: Ball 2-1: Called Strike 2-2: Foul Ball, location: 2F 2-2: Foul Ball, location: 2F 2-2: Fly out, F6 (Popup, 6, EV 58.8 MPH)
|
|
Batting: LHB Jon Ventura
|
0-0: Ball 1-0: Ball 2-0: Called Strike 2-1: Ball Wild Pitch! Ryan Gautney to third Pedro Pinero to second 3-1: Base on Balls
|
|
Batting: RHB Jason Gee
|
0-0: Ball 1-0: Called Strike 1-1: Foul Ball, location: 2F 1-2: Foul Ball, location: 2F 1-2: Ground out 6-3 (Groundball, P, EV 83.1 MPH)
|
| Bottom of the 4th over - 0 runs, 2 hits, 0 errors, 3 left on base; Salt Lake 6 - Rochester 2 |
| TOP OF THE 5TH |
|
Salt Lake Bees batting - Pitching for Rochester Red Wings : LHP Brian Rhyne
|
|
Batting: RHB Kian-tat Chen
|
0-0: DOUBLE (Flyball, 7LD, EV 103.8 MPH)
|
|
Batting: LHB Justin Balthazor
|
0-0: Foul Ball, location: 2F 0-1: Called Strike 0-2: Foul Ball, location: 2F 0-2: SINGLE (Groundball, P, EV 84.4 MPH) (infield hit) Kian-tat Chen to third
|
|
Batting: RHB Brandon Davis
|
0-0: Called Strike 0-1: TRIPLE (Flyball, 9LD, EV 98.8 MPH) Kian-tat Chen scores Justin Balthazor scores
|
|
Batting: RHB Timoleon Tsikouna
|
0-0: Foul Ball, location: 2F 0-1: Called Strike 0-2: Foul Ball, location: 2F 0-2: Strikes out looking
|
|
Batting: LHB Barrfhionn O'Toole
|
0-0: Called Strike 0-1: Swinging Strike 0-2: Ball 1-2: Ball 2-2: Strikes out swinging
|
|
Batting: LHB Larry Prey
|
0-0: Foul Ball, location: 2F 0-1: Swinging Strike 0-2: Strikes out swinging
|
| Top of the 5th over - 2 runs, 3 hits, 0 errors, 1 left on base; Salt Lake 8 - Rochester 2 |
| BOTTOM OF THE 5TH |
|
Rochester Red Wings batting - Pitching for Salt Lake Bees : RHP Chris Russell
|
|
Batting: LHB Chaim Huting
|
0-0: Ball 1-0: Foul Ball, location: 2F 1-1: Swinging Strike 1-2: Strikes out looking
|
|
Batting: SHB Ian Thompson
|
0-0: Fly out, F8 (Flyball, 89M, EV 88.1 MPH)
|
|
Batting: RHB Cyril Husson
|
0-0: Ball 1-0: Ball 2-0: Ball 3-0: Base on Balls
|
|
Pitching: RHP Eric Cunningham
|
|
|
Batting: RHB Colin Boddy
|
0-0: Swinging Strike 0-1: Ball Cyril Husson is caught stealing 2nd base 2-4
|
| Bottom of the 5th over - 0 runs, 0 hits, 0 errors, 0 left on base; Salt Lake 8 - Rochester 2 |
| TOP OF THE 6TH |
|
Salt Lake Bees batting - Pitching for Rochester Red Wings : LHP Brian Rhyne
|
|
Batting: SHB Butch Brown
|
0-0: Ball 1-0: Ball 2-0: Ball 3-0: Base on Balls
|
|
Batting: LHB Brett Bugge
|
0-0: Ball 1-0: Called Strike 1-1: Ball 2-1: Ball Wild Pitch! Butch Brown to second 3-1: Ground out 5-3 (Groundball, 5, EV 86.9 MPH)
|
|
Batting: RHB Ryuji Ito
|
0-0: Ball 1-0: Ball 2-0: Hit by Pitch
|
|
Batting: RHB Kian-tat Chen
|
0-0: Called Strike 0-1: Ball 1-1: Foul Ball, location: 2F 1-2: Ball 2-2: Foul Ball, location: 2F 2-2: Foul Ball, location: 2F 2-2: Grounds into double play, 6-4-3 (Groundball, 6, EV 109.4 MPH)
|
| Top of the 6th over - 0 runs, 0 hits, 0 errors, 1 left on base; Salt Lake 8 - Rochester 2 |
| BOTTOM OF THE 6TH |
|
Rochester Red Wings batting - Pitching for Salt Lake Bees : RHP Eric Cunningham
|
|
Batting: RHB Colin Boddy
|
0-0: Called Strike 0-1: Ball 1-1: Foul Ball, location: 2F 1-2: Strikes out swinging
|
|
Batting: RHB Ryan Gautney
|
0-0: Ball 1-0: Fly out, F5 (Line Drive, 5L, EV 64.4 MPH)
|
|
Batting: RHB Pedro Pinero
|
0-0: Ball 1-0: Foul Ball, location: 2F 1-1: Ball 2-1: Foul Ball, location: 2F 2-2: Foul Ball, location: 2F 2-2: Strikes out looking
|
| Bottom of the 6th over - 0 runs, 0 hits, 0 errors, 0 left on base; Salt Lake 8 - Rochester 2 |
| TOP OF THE 7TH |
|
Salt Lake Bees batting - Pitching for Rochester Red Wings : LHP Brian Rhyne
|
|
Batting: LHB Justin Balthazor
|
0-0: Ball 1-0: Called Strike 1-1: Foul Ball, location: 2F 1-2: Foul Ball, location: 2F 1-2: Ball 2-2: Foul Ball, location: 2F 2-2: Foul Ball, location: 2F 2-2: Ground out 4-3 (Groundball, 4, EV 101.2 MPH)
|
|
Batting: RHB Brandon Davis
|
0-0: Foul Ball, location: 2F 0-1: Called Strike 0-2: Ground out 6-3 (Groundball, 6, EV 103.1 MPH)
|
|
Batting: RHB Timoleon Tsikouna
|
0-0: Ground out 6-3 (Groundball, 6, EV 83.8 MPH)
|
| Top of the 7th over - 0 runs, 0 hits, 0 errors, 0 left on base; Salt Lake 8 - Rochester 2 |
| BOTTOM OF THE 7TH |
|
Rochester Red Wings batting - Pitching for Salt Lake Bees : RHP Eric Cunningham
|
|
Batting: RHB Dan Grable
|
0-0: Called Strike 0-1: Ball 1-1: DOUBLE (Flyball, 8LXD, EV 104.4 MPH)
|
|
Batting: LHB Jon Ventura
|
0-0: Swinging Strike 0-1: Called Strike 0-2: Ground out 5-3 (Groundball, 5, EV 99.4 MPH)
|
|
Batting: RHB Jason Gee
|
0-0: Ball 1-0: Foul Ball, location: 2F 1-1: Ball 2-1: Called Strike 2-2: Ball 3-2: Base on Balls
|
|
Batting: LHB Chaim Huting
|
0-0: Ball 1-0: Called Strike 1-1: Fly out, F9 (Line Drive, 9, EV 96.2 MPH)
|
|
Batting: SHB Ian Thompson
|
0-0: Ball 1-0: Foul Ball, location: 2F 1-1: Ball 2-1: Ball 3-1: Base on Balls Dan Grable to third Jason Gee to second
|
|
Pitching: RHP Erick Vazquez
|
|
|
Batting: RHB Cyril Husson
|
0-0: Called Strike 0-1: Ball 1-1: Fielders Choice at 2nd, 6-4 (Groundball, 6, EV 95.6 MPH)
|
| Bottom of the 7th over - 0 runs, 1 hit, 0 errors, 3 left on base; Salt Lake 8 - Rochester 2 |
| TOP OF THE 8TH |
|
Salt Lake Bees batting - Pitching for Rochester Red Wings : LHP Brian Rhyne
|
|
Batting: LHB Barrfhionn O'Toole
|
0-0: Called Strike 0-1: Ball 1-1: Foul Ball, location: 2F 1-2: Foul Ball, location: 2F 1-2: Strikes out swinging
|
|
Batting: LHB Larry Prey
|
0-0: Ball 1-0: Foul Ball, location: 2F 1-1: Ball 2-1: SINGLE (Groundball, 4MD, EV 104.4 MPH)
|
|
Pitching: RHP Ryan Graham
|
|
|
Batting: SHB Butch Brown
|
0-0: Ball 1-0: Ball 2-0: Ball 3-0: Called Strike 3-1: Foul Ball, location: 2F 3-2: Fielders Choice at 2nd, 6-4 (Groundball, 6D, EV 85.6 MPH)
|
|
Batting: LHB Brett Bugge
|
0-0: Ball 1-0: Called Strike 1-1: Ball 2-1: Ball 3-1: SINGLE (Groundball, 6MD, EV 98.1 MPH) Butch Brown to second Runner from 2nd tries for 3rd, SAFE, throw by CF made to third
|
|
Batting: RHB Ryuji Ito
|
0-0: Ball 1-0: Foul Ball, location: 2F 1-1: Swinging Strike 1-2: Ground out 5-3 (Groundball, 15, EV 80.6 MPH)
|
| Top of the 8th over - 0 runs, 2 hits, 0 errors, 2 left on base; Salt Lake 8 - Rochester 2 |
| BOTTOM OF THE 8TH |
|
Rochester Red Wings batting - Pitching for Salt Lake Bees : RHP Erick Vazquez
|
|
Batting: RHB Colin Boddy
|
0-0: Ball 1-0: Ground out 6-3 (Groundball, 56, EV 99.4 MPH)
|
|
Batting: RHB Ryan Gautney
|
0-0: Called Strike 0-1: Ball 1-1: Ball 2-1: Called Strike 2-2: Foul Ball, location: 2F 2-2: Ball 3-2: Strikes out swinging
|
|
Batting: RHB Pedro Pinero
|
0-0: Foul Ball, location: 2F 0-1: Swinging Strike 0-2: Ball 1-2: Strikes out swinging
|
| Bottom of the 8th over - 0 runs, 0 hits, 0 errors, 0 left on base; Salt Lake 8 - Rochester 2 |
| TOP OF THE 9TH |
|
Salt Lake Bees batting - Pitching for Rochester Red Wings : RHP Ryan Graham
|
|
Batting: RHB Kian-tat Chen
|
0-0: Ball 1-0: Ball 2-0: Called Strike 2-1: DOUBLE (Flyball, 8RXD, EV 90.6 MPH)
|
|
Batting: LHB Justin Balthazor
|
0-0: SINGLE (Flyball, 8RS, EV 86.9 MPH) Kian-tat Chen to third
|
|
Batting: RHB Brandon Davis
|
0-0: Ball 1-0: Ball 2-0: Foul Ball, location: 2F 2-1: DOUBLE (Groundball, 5L, EV 103.1 MPH) Kian-tat Chen scores Justin Balthazor to third
|
|
Batting: RHB Timoleon Tsikouna
|
0-0: Ball 1-0: Fly out, F9 (Flyball, 9LM, EV 98.8 MPH) Runner from 3rd tags up, SCORES, throw by RF Brandon Davis to third
|
|
Batting: LHB Barrfhionn O'Toole
|
0-0: Ball 1-0: Called Strike 1-1: SINGLE (Groundball, 34D, EV 98.1 MPH) Brandon Davis scores
|
|
Batting: LHB Larry Prey
|
0-0: Called Strike 0-1: Swinging Strike 0-2: Strikes out looking
|
|
Batting: SHB Butch Brown
|
0-0: Ball 1-0: Foul Ball, location: 2F 1-1: Called Strike 1-2: Foul Ball, location: 2F 1-2: Ball 2-2: Ball 3-2: Foul Ball, location: 2F 3-2: Base on Balls Barrfhionn O'Toole to second
|
|
Pitching: LHP Brian Walters
|
|
|
Batting: LHB Brett Bugge
|
0-0: Called Strike 0-1: Ball 1-1: Ground out 4-3 (Groundball, 4S, EV 80.6 MPH)
|
| Top of the 9th over - 3 runs, 4 hits, 0 errors, 2 left on base; Salt Lake 11 - Rochester 2 |
| BOTTOM OF THE 9TH |
|
Rochester Red Wings batting - Pitching for Salt Lake Bees : RHP Erick Vazquez
|
|
Batting: RHB Dan Grable
|
0-0: Fly out, F7 (Flyball, 7, EV 82.5 MPH)
|
|
Batting: LHB Jon Ventura
|
0-0: Fly out, F8 (Line Drive, 8LM, EV 96.9 MPH)
|
|
Batting: RHB Jason Gee
|
0-0: Foul Ball, location: 2F 0-1: Ball 1-1: DOUBLE (Line Drive, 5D, EV 94.4 MPH)
|
|
Batting: LHB Chaim Huting
|
0-0: Ground out 1-3 (Groundball, 15S, EV 70.6 MPH)
|
| Bottom of the 9th over - 0 runs, 1 hit, 0 errors, 1 left on base; Salt Lake 11 - Rochester 2 |
|